 Dungeon Sprint DCSS version 0.30-a0-311-gf115ab0292 (webtiles) character file.

Game seed: 15906729749904679548

19066 mhtbhm the Bludgeoner (level 12, -5/126 HPs)
             Began as an Armataur Fighter on Oct 25, 2022.
             Was the Champion of Okawaru.
             Slain by a stone giant (28 damage)
             ... in the Dungeon (Sprint IX: "|||||||||||||||||||||||||||||").
             The game lasted 00:07:12 (2801 turns).

mhtbhm the Bludgeoner (Armataur Fighter)            Turns: 2801, Time: 00:07:13

Health: -5/126     AC: 21    Str: 26    XL:     12   Next: 33%
Magic:  17/17      EV: 14    Int:  8    God:    Okawaru [******]
Gold:   470        SH:  7    Dex: 11    Spells: 11/11 levels left

rFire   . . .      SeeInvis .    F - +2 demon whip (venom)
rCold   . . .      Faith    .    c - +0 buckler
rNeg    . . .      Spirit   .    b - +2 ring mail {rPois}
rPois   +          Reflect  .    u - +0 helmet
rElec   .          Harm     .    m - +1 cloak
rCorr   .          Roll     +    v - +1 pair of gloves
Will    .....      NoTele   +    (no barding)
Stlth   ++++......               (no amulet)
HPRegen 0.41/turn                E - +4 ring of evasion
MPRegen 0.15/turn                x - +4 ring of protection

@: slowed, very slow
A: large, rugged brown scales 3, deformed body, armoured tail, roll, long
tongue, awkward tongue
a: Renounce Religion, Heroism, Finesse


You were in the Dungeon.
You worshipped Okawaru.
Okawaru was exalted by your worship.
You visited 1 branch You collected 1946 gold pieces.
You spent 1476 gold pieces at shops.

Inventory:

Hand Weapons
 a - a +1 morningstar of holy wrath
 l - a +2 morningstar of protection
 t - the +5 great mace "Minniyga" {freeze, Stlth+}
   (Okawaru gifted it to you in the Dungeon)

   It freezes those it strikes, dealing additional cold damage.
   It can also slow down cold-blooded creatures.
   Stlth:     It makes you more stealthy.
 F - a +2 demon whip of venom (weapon)
Missiles
 A - 4 javelins (quivered)
Armour
 b - a +2 ring mail of poison resistance (worn)
 c - a +0 buckler (worn)
 m - a +1 cloak (worn)
 u - a +0 helmet (worn)
 v - a +1 pair of gloves (worn)
Jewellery
 w - a ring of poison resistance
 x - a +4 ring of protection (right hand)
 y - a ring of see invisible
 B - a ring of fire
 C - a ring of protection from cold
 D - a ring of protection from cold
 E - a +4 ring of evasion (left hand)
Wands
 z - a wand of iceblast (5)
Scrolls
 j - 5 scrolls of blinking
 k - 2 scrolls of amnesia
 r - a scroll of identify
 s - a scroll of poison
 I - 2 scrolls of enchant armour
 J - a scroll of fear
Potions
 d - a potion of might
 e - 9 potions of curing
 f - 7 potions of heal wounds
 g - a potion of haste
 h - 4 potions of magic
 i - a potion of invisibility
 p - 4 potions of mutation
 G - a potion of brilliance
 H - a potion of berserk rage


   Skills:
 + Level 14.5 Fighting
 + Level 18.2 Maces & Flails
 + Level 14.5 Armour
 + Level 4.4 Dodging
 + Level 10.0 Stealth
 + Level 12.3 Shields
 * Level 7.2 Invocations
 + Level 3.8 Evocations


You had 11 spell levels left.
You didn't know any spells.
Your spell library was empty.

Dungeon Overview and Level Annotations

Branches:
Dungeon (1/1)

Altars:
Cheibriados
Dithmenos
Elyvilon
Fedhas
Gozag
Hepliaklqana
Kikubaaqudgha
Makhleb
Nemelex Xobeh
Okawaru
Qazlal
Ru
Sif Muna
Trog
Uskayaw
Vehumet
Wu Jian
Xom
Yredelemnul
Zin
The Shining One
Jiyva
Lugonu

Shops:
D =!([


Innate Abilities, Weirdness & Mutations

You are completely covered in rugged brown scales. (AC +3, +7% HP)
Armour fits poorly on your strangely shaped body.
You have a long armoured tail.
You roll when moving toward enemies. (Rampage)
Your long tongue fully drains potion bottles. (2x potion effects)
Your tongue gives you trouble enunciating. (1.5x scroll delay)


Message History

Something bites you but does no damage.
Something unexpectedly blocked you, preventing you from rolling!
You miss something.
Your tail-slap misses something.
Unknown command.
Something unexpectedly blocked you, preventing you from rolling!
You barely miss something.
You hear some strange, mumbled words.
The stone giant throws a large rock.
Something unexpectedly blocked you, preventing you from rolling!
You hit something but do no damage.
Your tail-slap misses something.
Something unexpectedly blocked you, preventing you from rolling!
You barely miss something. You tail-slap something. Something hits you!
You hit the stone giant but do no damage.
The stone giant is poisoned.
Unknown command.
You whack something! Something barely misses you.
You miss something. You hit something. The stone giant hits you!
Something hits you. Something drains your vigour!
You feel yourself slow down.
Unknown command.
You hit something.
The stone giant hits you but does no damage.
Something hits you but does no damage.
You thrash something!!
Unknown command.
Okay, then.
You whack something!
The stone giant hits you but does no damage.
A vampire mage comes into view.
Something hits you but does no damage.
You barely miss something. You block the stone giant's attack.
Something hits you!! Something drains your vigour!
You feel as though you will be slow longer.
You barely miss something. The stone giant hits you!!
* * * LOW HITPOINT WARNING * * *
Something hits you but does no damage.
You whack something!
Reactivating autopickup.
The stone giant hits you!!
You die...

▓▓▓▓▓▓▓▓▓▓▓▓▓▓▓▓▓▓▓▓▓▓▓▓
VzzQC.C@§)'†.........[[[
▓▓▓▓▓▓▓▓▓▓▓▓▓▓▓▓▓▓▓▓▓▓▓▓▓▓▓▓▓▓▓▓▓
....)..............[)............
▓▓▓▓▓▓▓▓▓▓▓▓▓▓▓▓▓▓▓▓▓▓▓▓▓▓▓▓▓▓▓▓▓
...'..)).∩.∩.∩.∩))).)).......))))
▓▓▓▓▓▓▓▓▓▓▓▓▓▓▓▓▓▓▓▓▓▓▓▓▓▓▓▓▓▓▓▓▓
.................................
▓▓▓▓▓▓▓▓▓▓▓▓▓▓▓▓▓▓▓▓▓▓▓▓▓▓▓▓▓▓▓▓▓
.[[....'...)........'......††[÷.÷


You could see 2 stone giants, a tengu warrior, a vampire mage, a flying skull
(summoned) and a wight (summoned).

Vanquished Creatures
  A very ugly thing (D)
  A dire elephant (D)
  A rakshasa (D)
  2 ogre magi (D)
  An ice dragon (D)
  A boulder beetle (D)
  4 two-headed ogres (D)
  Urug (D)
  An orc knight (D)
  An ugly thing (D)
  A wolf spider (D)
  8 elephants (D)
  3 cane toads (D)
  A yaktaur (D)
  3 komodo dragons (D)
  2 rime drakes (D)
  An efreet (D)
  A freezing wraith (D)
  3 trolls (D)
  A troll (shapeshifter) (D)
  A slime creature (D)
  A shadow (D)
  2 wyverns (D)
  3 yaks (D)
  A basilisk (D)
  2 vampire mosquitoes (D)
  3 water moccasins (D)
  12 orc warriors (D)
  7 ogres (D)
  A centaur (D)
  A phantom (D)
  A bullfrog (D)
  A necrophage (D)
  3 orc priests (D)
  5 orc wizards (D)
  2 adders (D)
  7 orcs (D)
  A ball python (D)
  An endoplasm (D)
  A giant cockroach (D)
  A goblin (D)
  A jackal (D)
96 creatures vanquished.

Vanquished Creatures (others)
  Maurice (D)
  A howler monkey (D)
2 creatures vanquished.

Grand Total: 98 creatures vanquished

Notes
Turn   | Place    | Note
-------+----------+-------------------------------------------
     0 | D        | mhtbhm the Armataur Fighter began the quest for the Orb.
     0 | D        | Reached XP level 1. HP: 19/19 MP: 1/1
    22 | D        | Reached skill level 2 in Maces & Flails
    77 | D        | Noticed a phantom
    77 | D        | Noticed a necrophage
    80 | D        | Reached XP level 2. HP: 27/27 MP: 2/2
    85 | D        | Killed a necrophage
    86 | D        | Reached skill level 3 in Maces & Flails
    86 | D        | Reached skill level 5 in Shields
    86 | D        | Reached XP level 3. HP: 36/36 MP: 3/3
    86 | D        | Reached XP level 4. HP: 43/43 MP: 4/4
    93 | D        | Killed a phantom
    94 | D        | Reached skill level 5 in Fighting
    94 | D        | Reached skill level 4 in Maces & Flails
    94 | D        | Reached XP level 5. HP: 51/51 MP: 5/5
   101 | D        | Found a snail-covered altar of Cheibriados.
   101 | D        | Found a shadowy altar of Dithmenos.
   101 | D        | Found a white marble altar of Elyvilon.
   101 | D        | Found a blossoming altar of Fedhas.
   101 | D        | Found an opulent altar of Gozag.
   102 | D        | Found a hazy altar of Hepliaklqana.
   103 | D        | Found a viscous altar of Jiyva.
   104 | D        | Found an ancient bone altar of Kikubaaqudgha.
   105 | D        | Found a corrupted altar of Lugonu.
   106 | D        | Found a burning altar of Makhleb.
   107 | D        | Found a sparkling altar of Nemelex Xobeh.
   108 | D        | Found an iron altar of Okawaru.
   109 | D        | Found a stormy altar of Qazlal.
   110 | D        | Found a sacrificial altar of Ru.
   111 | D        | Found a shimmering blue altar of Sif Muna.
   112 | D        | Found a bloodstained altar of Trog.
   113 | D        | Found a hide-covered altar of Uskayaw.
   114 | D        | Found a radiant altar of Vehumet.
   115 | D        | Found an ornate altar of the Wu Jian Council.
   116 | D        | Found a shimmering altar of Xom.
   118 | D        | Became a worshipper of Warmaster Okawaru
   120 | D        | Found a basalt altar of Yredelemnul.
   129 | D        | Found a glowing silver altar of Zin.
   130 | D        | Found a glowing golden altar of the Shining One.
   195 | D        | Noticed an orc warrior
   195 | D        | Noticed a troll
   195 | D        | Noticed a centaur
   195 | D        | Noticed a shadow
   197 | D        | Reached skill level 5 in Maces & Flails
   199 | D        | Killed a shadow
   200 | D        | Reached XP level 6. HP: 57/60 MP: 6/6
   205 | D        | Reached skill level 6 in Maces & Flails
   205 | D        | Reached * piety under Okawaru
   209 | D        | Killed a troll
   210 | D        | Reached skill level 7 in Maces & Flails
   210 | D        | Reached skill level 10 in Armour
   210 | D        | Reached skill level 1 in Stealth
   210 | D        | Reached XP level 7. HP: 35/70 MP: 7/7
   215 | D        | Reached skill level 8 in Maces & Flails
   327 | D        | Noticed a boulder beetle
   327 | D        | Noticed a troll
   327 | D        | Noticed a vampire mosquito
   327 | D        | Noticed a vampire mosquito
   327 | D        | Noticed an efreet
   327 | D        | Noticed a troll
   329 | D        | Killed a troll
   329 | D        | Reached ** piety under Okawaru
   344 | D        | Killed an efreet
   345 | D        | Reached skill level 9 in Maces & Flails
   345 | D        | Reached skill level 1 in Evocations
   351 | D        | Killed a vampire mosquito
   351 | D        | Reached *** piety under Okawaru
   352 | D        | Reached XP level 8. HP: 44/79 MP: 8/8
   356 | D        | Killed a troll
   357 | D        | Reached skill level 10 in Maces & Flails
   503 | D        | Killed a boulder beetle
   503 | D        | Reached **** piety under Okawaru
   504 | D        | Reached skill level 11 in Maces & Flails
   504 | D        | Reached skill level 1 in Dodging
   504 | D        | Reached skill level 10 in Shields
   504 | D        | Reached XP level 9. HP: 57/87 MP: 9/9
   628 | D        | Noticed a komodo dragon
   628 | D        | Noticed an elephant
   628 | D        | Noticed a cane toad
   638 | D        | Killed a cane toad
   640 | D        | Noticed a cane toad
   643 | D        | Killed an elephant
   644 | D        | Noticed a komodo dragon
   648 | D        | Reached ***** piety under Okawaru
   649 | D        | Reached skill level 12 in Maces & Flails
   653 | D        | Killed a komodo dragon
   672 | D        | Killed a cane toad
   683 | D        | Killed a komodo dragon
   684 | D        | Reached skill level 10 in Fighting
   684 | D        | Reached skill level 13 in Maces & Flails
   684 | D        | Reached XP level 10. HP: 30/99 MP: 10/10
   881 | D        | Noticed a cane toad
   912 | D        | Killed a cane toad
   930 | D        | Identified the +5 great mace "Minniyga" {freeze, Stlth+}
                  | (Okawaru gifted it to you in the Dungeon)
   930 | D        | Received a gift from Okawaru
   931 | D        | Reached skill level 14 in Maces & Flails
  1119 | D        | Noticed an elephant
  1119 | D        | Noticed a dire elephant
  1119 | D        | Noticed an elephant
  1119 | D        | Noticed an elephant
  1119 | D        | Noticed an elephant
  1119 | D        | Noticed an elephant
  1130 | D        | Killed an elephant
  1368 | D        | Killed an elephant
  1370 | D        | Noticed an elephant
  1376 | D        | Killed an elephant
  1391 | D        | Killed an elephant
  1391 | D        | Reached ****** piety under Okawaru
  1395 | D        | Killed an elephant
  1396 | D        | Reached skill level 15 in Maces & Flails
  1420 | D        | Noticed an elephant
  1433 | D        | Killed an elephant
  1433 | D        | Identified the +1 chain mail "Bufrerafu" {Int+3} (Okawaru
                  | gifted it to you in the Dungeon)
  1433 | D        | Received a gift from Okawaru
  1462 | D        | Killed a dire elephant
  1463 | D        | Reached XP level 11. HP: 59/111 MP: 11/11
  1961 | D        | Noticed an orc knight
  1984 | D        | Killed an orc knight
  1985 | D        | Reached skill level 16 in Maces & Flails
  2115 | D        | Found Yfotat's Armour Boutique.
  2115 | D        | Noticed an ogre mage
  2115 | D        | Noticed a two-headed ogre
  2121 | D        | Reached skill level 1 in Invocations
  2121 | D        | Found Egarui's Antique Weapon Shop.
  2129 | D        | Noticed a two-headed ogre
  2133 | D        | Killed an ogre mage
  2133 | D        | Noticed a two-headed ogre
  2138 | D        | Killed a two-headed ogre
  2139 | D        | Found Piph's Distillery.
  2145 | D        | Killed a two-headed ogre
  2151 | D        | Killed a two-headed ogre
  2152 | D        | Reached skill level 17 in Maces & Flails
  2162 | D        | Found Uco Xura's Jewellery Shop.
  2308 | D        | Noticed a two-headed ogre
  2309 | D        | Noticed an ogre mage
  2318 | D        | Killed a two-headed ogre
  2322 | D        | Killed an ogre mage
  2323 | D        | Reached skill level 5 in Invocations
  2400 | D        | Bought a runed morningstar for 147 gold pieces
  2408 | D        | Bought a potion of heal wounds for 70 gold pieces
  2408 | D        | Bought a potion of curing for 42 gold pieces
  2408 | D        | Bought a potion of mutation for 112 gold pieces
  2408 | D        | Bought a potion of mutation for 112 gold pieces
  2408 | D        | Bought a potion of heal wounds for 70 gold pieces
  2410 | D        | Bought a ring of poison resistance for 260 gold pieces
  2410 | D        | Bought a +4 ring of protection for 468 gold pieces
  2410 | D        | Bought a ring of see invisible for 195 gold pieces
  2431 | D        | Noticed Maurice
  2439 | D        | Killed Maurice
  2463 | D        | Noticed Urug
  2470 | D        | Killed Urug
  2470 | D        | Identified the +0 chain mail "Muaxed" {-Cast rElec Dex+6}
                  | (Okawaru gifted it to you in the Dungeon)
  2470 | D        | Received a gift from Okawaru
  2700 | D        | Noticed a rakshasa
  2700 | D        | Noticed a wolf spider
  2700 | D        | Noticed a green ugly thing
  2706 | D        | Killed a green ugly thing
  2707 | D        | Reached XP level 12. HP: 124/124 MP: 16/16
  2707 | D        | Noticed a green very ugly thing
  2723 | D        | Noticed an ice dragon
  2732 | D        | Noticed a vampire mage
  2734 | D        | Killed a green very ugly thing
  2735 | D        | Reached skill level 18 in Maces & Flails
  2735 | D        | Noticed a tengu warrior
  2748 | D        | Killed a rakshasa
  2749 | D        | Reached skill level 10 in Stealth
  2757 | D        | Noticed a stone giant
  2770 | D        | Noticed a stone giant
  2777 | D        | Killed an ice dragon
  2798 | D        | Noticed a vampire mage
  2801 | D        | Slain by a stone giant

Illustrated notes

Levels and vault maps discovered:
D:        linesprint [early_d, line_temple, items_1, d_10, items_2, lair_1,
          lair_end, items_3, orc_1, orc_end, items_4, d_15, swamp_1, shoals_1,
          snake_1, spider_1, d_20, vaults_1, items_5, swamp_end, shoals_end,
          snake_end, spider_end, vaults_end, d_27, items_6, zot_1, zot_end,
          crypt_end, forest_end, elf_end, slime_end, tomb_end, abyss_end,
          pan_hell_end]

Skill      XL: |  1  2  3  4  5  6  7  8  9 10 11 12 |
---------------+-------------------------------------+-----
Fighting       | 3 4 5 6 7 8 10 11 13 14 | 14.5
Armour         | 4 6 7 8 10 11 12 13 14 | 14.5
Maces & Flails | 2 3 4 5 7 9 11 13 15 17 18 | 18.2
Shields        | 4 5 6 7 8 9 10 11 12 | 12.3
Stealth        | 1 3 6 8 9 10 | 10.0
Evocations     | 1 2 3 |  3.8
Dodging        | 1 2 3 4 |  4.4
Invocations    | 5 7 |  7.2

Action                   |  1- 3 |  4- 6 |  7- 9 | 10-12 || total
-------------------------+-------+-------+-------+-------++-------
Melee: Flail             |    29 |     9 |       |       ||    38
       Tailslap          |     1 |     5 |    20 |    70 ||    96
       Morningstar       |       |    11 |   101 |   289 ||   401
       Demon whip        |       |       |       |    91 ||    91
Evoke: Wand              |       |     2 |     7 |     1 ||    10
  Use: Potion            |     1 |       |     2 |     1 ||     4
       Scroll            |       |       |       |     4 ||     4
 Stab: Invisible         |       |       |     9 |       ||     9
       Sleeping          |       |       |       |     1 ||     1
Armor: Scale mail        |     8 |     4 |    27 |    54 ||    93
       Chain mail        |       |       |       |    33 ||    33
       Ring mail         |       |       |       |    29 ||    29
Dodge: Dodged            |    10 |    10 |    47 |    85 ||   152
Block: Buckler           |     5 |     8 |    17 |    51 ||    81

Table legend: (Time is in decaauts)
 A = Elapsed time spent in this place.
 B = Non-inter-level travel time spent in this place.
 C = Inter-level travel time spent in this place.
 D = Time resting spent in this place.
 E = Time spent auto-exploring this place.
 F = Levels seen in this place.
 G = Mean time per level.
                   A        B        C        D        E       F      G
               +--------+--------+--------+--------+--------+-----+--------+
         Total |   2711 |   2711 |      0 |   1386 |     24 |   1 | 2711.0 |
       Dungeon |   2711 |   2711 |      0 |   1386 |     24 |   1 | 2711.0 |
               +--------+--------+--------+--------+--------+-----+--------+

Top non-repeatable levels by time:
       D: 2711 daAuts
